 Dungeon Crawl Stone Soup version 0.27.1-33-g824d729ab1 (webtiles) character file.

Game seed: 15137192131716813570

145 Descartes the Sneak (level 5, -1/24 HPs)
             Began as a Felid Delver on Dec 9, 2021.
             Succumbed to a scorpion's poison
             ... on level 5 of the Dungeon.
             The game lasted 00:15:33 (6369 turns).

Descartes the Sneak (Felid Delver)                  Turns: 6369, Time: 00:15:33

Health: -1/24      AC:  1    Str:  9    XL:     5   Next: 6%
Magic:  3/6        EV: 19    Int: 12    God:
Gold:   188        SH:  0    Dex: 17    Spells: 1/4 levels left
                                        Lives:  0   Deaths: 1

rFire    . . .     SeeInvis +     - Unarmed
rCold    . . .     Faith    .   (shield unavailable)
rNeg     . . .     Spirit   .   (armour unavailable)
rPois    .         Reflect  .   (helmet unavailable)
rElec    .         Harm     .   (cloak unavailable)
rCorr    .         Rampage  .   (gloves unavailable)
Will     .....                  (boots unavailable)
Stlth    ++++......             (no amulet)
HPRegen  0.08/turn              (no ring)
MPRegen  0.10/turn              (no ring)

@: lethally poisoned (-1 -> -14), very slightly contaminated, studying
Evocations, quick
A: very small, claws 1, fangs 3, see invisible, speed 1, shaggy fur 1, stealthy
paws, no weapons or thrown items, no armour, multi-lived
a: no special abilities


You were on level 5 of the Dungeon.
You visited 2 branches of the dungeon, and saw 6 of its levels.

You collected 188 gold pieces.

Inventory:

Missiles
 f - 117 stones
Wands
 e - a wand of digging (3)
Scrolls
 a - a scroll of fog
 b - 2 scrolls of magic mapping
 c - a scroll of teleportation {unknown}
 g - 2 scrolls of blinking
 k - a scroll of enchant armour
Potions
 d - 3 potions of haste
 i - a potion of curing {unknown}
 j - a potion of heal wounds
 m - a potion of magic {unknown}
 n - a potion of attraction


   Skills:
 - Level 3.0 Fighting
 - Level 4.5 Dodging
 - Level 7.7 Stealth
 - Level 3.3 Unarmed Combat
 - Level 1.0 Conjurations
 + Level 2.1 Hexes
 - Level 1.2 Transmutations
 - Level 1.1 Fire Magic
 - Level 1.1 Earth Magic


You had one spell level left.
You knew the following spells:

 Your Spells              Type           Power      Damage    Failure   Level
a - Confusing Touch       Hex            5%         N/A       38%         3

Your spell library contained the following spells:

 Spells                   Type           Power      Damage    Failure   Level
 Magic Dart               Conj           8%         1d3       22%         1
 Slow                     Hex            5%         N/A       21%         2
 Searing Ray              Conj           4%         3d3       32%         2
 Static Discharge         Conj/Air       1%         N/A       38%         2
 Tukima's Dance           Hex            5%         N/A       38%         3
 Stone Arrow              Conj/Erth      4%         3d7       54%         3
 Fulminant Prism          Conj/Hex       1%         3d6       86%         4
 Sticky Flame             Conj/Fire      2%         2d3       91%         4
 Dispel Undead            Necr           0%         3d6       97%         4
 Passage of Golubria      Tloc           N/A        N/A       97%         4
 Bolt of Magma            Conj/Fire/Erth 1%         4d4       99%         5
 Yara's Violent Unravell  Hex/Tmut       2%         3d3       99%         5
 Shatter                  Erth           1%         3d5*      100%        9


Dungeon Overview and Level Annotations

Branches:
Dungeon (5/15)             Temple (1/1) D:4

Altars:
Ashenzari
Cheibriados
Dithmenos
Elyvilon
Fedhas
Hepliaklqana
Kikubaaqudgha
Makhleb
Okawaru
Ru
Sif Muna
Trog
Uskayaw
Vehumet
Wu Jian
Xom
Yredelemnul
Zin
The Shining One

Shops:
D:4 *

Annotations:
D:3 2 transporters, Destapler's ghost, amateur MiFi


Innate Abilities, Weirdness & Mutations

You have sharp claws.
You have razor-sharp teeth.
You have supernaturally acute eyesight. (SInv)
You cover ground quickly. (Speed+)
You are covered in fur. (AC +1)
Your paws help you pounce on unaware monsters.
You are incapable of wielding weapons or throwing items.
You cannot wear armour.
You gain extra lives every three experience levels.


Message History

You are lethally poisoned!
The scorpion poisons you!
Casting: Confusing Touch (extremely dangerous; 38% risk of failure)
Confirm with . or Enter, or press ? or * to list all spells.
The spell is extremely dangerous to cast (38% risk of failure)!
Continue anyway?
You miscast Confusing Touch.
You are very lightly contaminated with residual magic.
Nothing appears to happen.
You feel very sick. The scorpion stings you.
* * * LOW HITPOINT WARNING * * *
You barely miss the scorpion.
* * * LOW HITPOINT WARNING * * *
You feel sick. The scorpion closely misses you.
You feel much better.
You feel sick. The scorpion completely misses you. The scorpion stings you!
You scratch the scorpion. You bite the scorpion.
The scorpion is heavily wounded.
You feel sick. The scorpion barely misses you.
You scratch the scorpion but do no damage.
Your bite misses the scorpion.
The scorpion is heavily wounded.
You feel sick. The scorpion stings you.
You are lethally poisoned!
The scorpion poisons you!
You barely miss the scorpion.
The scorpion is heavily wounded.
* * * LOW HITPOINT WARNING * * *
You feel very sick. The scorpion closely misses you.
You barely miss the scorpion.
The scorpion is heavily wounded.
* * * LOW HITPOINT WARNING * * *
You feel very sick. The scorpion stings you.
* * * LOW HITPOINT WARNING * * *
You scratch the scorpion.
You claw the scorpion, but do no damage.
The scorpion is severely wounded.
You die...

#..(#######.# #...# .#
### ## ### ### ##)####
## #)## ###†###.# #[
##†###
#.##.##.###.##.##. #
.#.#.#.#.#.#.#.#s#.#
#..#..#..#..#..#@.#
.#...#...#...#...#...#
....#....#....#....#..#
#.....#.....#.....#.....
..#......#......#......#
.....#.......#....... .
.......................
....#############......
##### ######


You could see a scorpion.

Vanquished Creatures
  A phantom (D:4)
  2 bullfrog skeletons
  A hound skeleton (D:4)
  A gnoll (D:4)
  5 adders
  An adder skeleton (D:4)
  A worm (D:4)
  4 dart slugs
  4 orcs
  3 endoplasms
  4 giant cockroaches
  5 goblins
  4 hobgoblins
  7 kobolds
  4 quokkas
  A ball python (D:4)
  8 bats
  3 frilled lizards
  5 rats
64 creatures vanquished.

Notes
Turn   | Place    | Note
-------+----------+-------------------------------------------
     0 | D:5      | Descartes the Felid Delver began the quest for the Orb.
     0 | D:5      | Reached XP level 1. HP: 10/10 MP: 2/2
   432 | D:4      | Noticed a phantom
   584 | D:4      | Reached XP level 2. HP: 9/14 MP: 3/3
   998 | D:3      | Reached skill level 7 in Stealth
  1001 | D:3      | Found a transporter.
  1011 | D:3      | Noticed Destapler's ghost (amateur MiFi)
  1038 | D:3      | Reached XP level 3. HP: 17/17 MP: 4/4
  2127 | D:1      | Reached XP level 4. HP: 21/21 MP: 5/5
  2410 | D:1      | Found a faded altar of an unknown god.
  2889 | D:3      | Found a shimmering altar of Xom.
  2901 | D:3      | Found an iron altar of Okawaru.
  2955 | D:3      | Noticed a bullfrog
  3356 | D:3      | Found a transporter.
  3841 | D:4      | Found a staircase to the Ecumenical Temple.
  3848 | Temple   | Entered the Ecumenical Temple
  4121 | D:4      | Reached skill level 1 in Hexes
  4362 | D:4      | Found Zycear Vaisi's General Store.
  4902 | D:4      | Reached XP level 5. HP: 24/24 MP: 6/6
  5293 | D:5      | Noticed an ogre
  5295 | D:5      | Found a radiant altar of Vehumet.
  5593 | D:4      | Killed a phantom
  5594 | D:4      | Reached skill level 1 in Transmutations
  5594 | D:4      | Reached skill level 1 in Fire Magic
  5594 | D:4      | Reached skill level 1 in Earth Magic
  5732 | D:4      | Identified a scroll of acquirement
  5733 | D:4      | Acquired a manual of Evocations
  6261 | D:5      | Reached skill level 1 in Conjurations
  6316 | D:5      | Mangled by an ogre
  6317 | D:5      | Reached XP level 4. HP: -7/21 MP: 5/5
  6347 | D:5      | Learned a level 3 spell: Confusing Touch
  6354 | D:5      | Reached XP level 5. HP: 24/24 MP: 6/6
  6369 | D:5      | Succumbed to a scorpion's poison

Illustrated notes

Levels and vault maps discovered:
D:1:      psy_arrival_whirlpool, layout_basic,
          shapermc_ecumenical_altar_mp_highgroup
D:2:      layout_loops_corners, st_stairs_8
D:3:      layout_basic, mainiacjoe_overflow_big_doors,
          gammafunk_ghost_stat_death, nicolae_underground_beach
D:4:      layout_loops_ring, minmay_temple_entry_tees, serial_shops, shop,
          kennysheep_opposing_triangles
D:5:      layout_basic, vehumet_altar_wand_db, chequers_serial_rivers_small_b,
          hangedman_decor_clover_reticule, minmay_increasing_density
Temple:   eino_temple_scatter_basement

Skill      XL: |  1  2  3  4  5 |
---------------+----------------+-----
Dodging        | 3 4 |  4.5
Stealth        | 7 |  7.7
Unarmed Combat | 3 |  3.3
Hexes          | 2 |  2.1
Transmutations | 1 |  1.2
Fire Magic     | 1 |  1.1
Earth Magic    | 1 |  1.1
Conjurations   | 1 |  1.0
Fighting       | |  3.0

Action                   |  1- 3 |  4- 6 || total
-------------------------+-------+-------++-------
Melee: Unarmed           |    66 |   116 ||   182
       Bite              |     8 |    11 ||    19
       Punch             |       |     3 ||     3
  Use: Scroll            |       |     6 ||     6
       Potion            |       |     4 ||     4
 Stab: Sleeping          |    15 |    12 ||    27
Armor: Skin              |     3 |     5 ||     8
Dodge: Dodged            |    31 |    74 ||   105
